 Dungeon Crawl Stone Soup version 0.18.1-48-g4cf74bf (webtiles) character file.

73 MistressOfTheDunes the Insei (level 4, -2/35 HPs)
             Began as a Mummy Monk on June 27, 2016.
             Slain by a gnoll
             ... wielding a +0 spear
              (10 damage)
             ... on level 2 of the Dungeon.
             The game lasted 00:02:34 (2873 turns).

MistressOfTheDunes the Insei (Mummy Monk)           Turns: 2873, Time: 00:02:34

Health: -2/35      AC:  1    Str: 14    XL:     4   Next: 8%
Magic:  4/4        EV: 13    Int:  9    God:
Gold:   78         SH:  0    Dex: 15    Spells: 0 memorised, 3 levels left

rFire  . . .     SeeInvis .       - Unarmed
rCold  + . .     Gourm    .     (no armour)
rNeg   + + +     Faith    .     (no shield)
rPois  ∞         Spirit   .     a - +0 helmet
rElec  .         Dismiss  .     (no cloak)
rCorr  .         Reflect  .     (no gloves)
SustAt .         Harm     .     (no boots)
MR     .....                    (no amulet)
Stlth  ++........               (no ring)
                                e - ring of protection from fire

@: not resistant to hostile enchantments, unstealthy
A: no food or potions, fire vulnerability, cold resistance 1, negative energy
resistance 3, torment resistance, unbreathing
a: no special abilities


You were on level 2 of the Dungeon.
You were not hungry.

You visited 1 branch of the dungeon, and saw 2 of its levels.

You collected 78 gold pieces.


Innate Abilities, Weirdness & Mutations

You do not eat or drink.
Your flesh is vulnerable to fire.
You are immune to poison.
Your flesh is cold resistant.
You are immune to negative energy.
You are immune to unholy pain and torment.
You can survive without breathing.


   Skills:
 - Level 3.0 Fighting
 - Level 2.4 Dodging
 - Level 1.5 Stealth
 + Level 4.6 Unarmed Combat


You had 3 spell levels left.
You didn't know any spells.

Inventory:

Armour
 a - a +0 helmet (worn)
Jewellery
 e - a ring of protection from fire (left hand)
Scrolls
 b - a scroll of teleportation {unknown}
 c - a scroll of remove curse {unknown}
 d - a scroll of noise {unknown}
 f - a scroll of identify {unknown}
 g - 2 scrolls of fear {unknown}

Dungeon Overview and Level Annotations

Branches:
Dungeon (2/15)

Altars:

▒.▒..▒.▒ ▒.▒
▒.▒..▒.▒ ▒.▒
▒.▒....▒ ▒.▒
▒▒▒▒▒▒.▒...▒▒
▒.▒
...........▒
▒.▒
...........▒
▒.▒
.......▒gb.▒
▒.▒
.......▒<..▒
▒.▒
.....▒.▒M▒.▒
▒.▒
.....▒.▒.▒.▒
▒.▒ ....
▒.▒.▒.▒ ▒.▒
... ▒.▒.▒.▒
▒.▒ ▒▒.
▒.▒.▒.▒▒▒ ▒.▒
▒.▒ ▒<▒ ▒.▒
▒.▒ ▒.▒ ▒.▒
▒.▒ ▒.▒ ▒.▒
▒.▒ ▒.▒


You could see a gnoll and a bat.


Message History

No target in view!!!
Things that are here:
a club; a gnoll skeleton
There is a stone staircase leading down here!
You climb downwards!
The bat closely misses you! The bat misses you!
The gnoll hits you from afar with a spear!
There is a stone staircase leading up here!
You see here a throwing net {=f}!
You pummel the bat like a punching bag!
The bat is severely wounded!
The bat barely misses you!
The gnoll hits you from afar with a spear!
You swing at nothing!
The bat hits you but does no damage!
The gnoll hits you from afar with a spear!
You miss the bat!
The bat is moderately wounded!
The bat closely misses you! The bat misses you! The gnoll barely misses you!
The bat hits you!
You see here a throwing net {=f}!
You closely miss the bat!
The bat is moderately wounded!
The bat hits you!
The gnoll hits you from afar with a spear! * * * don't die
* * * The bat closely misses you!
The gnoll hits you with a spear!!! * * * don't die
* * *
There is a stone staircase leading up here!
You see here a throwing net {=f}!
The gnoll hits you from afar with a spear!!! rip

Action                   |  1- 3 |  4- 6 || total
-------------------------+-------+-------++-------
Melee: Unarmed           |   134 |     4 ||   138
       Punch             |     1 |       ||     1
 Stab: Sleeping          |     5 |       ||     5
       Distracted        |     1 |       ||     1
Armor: Skin              |    13 |     1 ||    14
Dodge: Dodged            |    79 |    11 ||    90

Vault maps used:
D:1:      scummos_arrival_checkerplants
D:2:      minmay_misc_feat_secret_circle, minmay_misc_feat_pillars

Notes
Turn   | Place    | Note
--------------------------------------------------------------
     0 | D:1      | MistressOfTheDunes the Mummy Monk began the quest for the Orb.
     0 | D:1      | Reached XP level 1. HP: 18/18 MP: 1/1
   328 | D:1      | Reached XP level 2. HP: 23/24 MP: 2/2
   759 | D:1      | Reached skill level 4 in Unarmed Combat
  1112 | D:1      | Reached XP level 3. HP: 12/29 MP: 3/3
  2538 | D:1      | Reached XP level 4. HP: 27/35 MP: 4/4
  2873 | D:2      | Slain by a gnoll

Vanquished Creatures
  3 gnolls (D:1)
  3 dart slugs (D:1)
  3 giant geckos (D:1)
  A ball python (D:1)
  2 giant cockroaches
  2 goblins (D:1)
  3 hobgoblins
  3 jackals (D:1)
  4 kobolds
  A quokka (D:2)
  3 bats (D:1)
  A giant newt (D:1)
  7 rats (D:1)
36 creatures vanquished.

Vanquished Creatures (others)
  A fungus (D:1)
1 creature vanquished.

Grand Total: 37 creatures vanquished
